 Dungeon Crawl Stone Soup version 0.31-a0-1206-g41278d8d1d (webtiles) character file.

Game seed: 6666034258159353035

766 zxpr0jk the Ducker (level 7, -8/56 HPs)
             Began as a Vampire Gladiator on Dec 5, 2023.
             Was a Follower of Cheibriados.
             Mangled by an orc warrior
             ... wielding a +0 battleaxe
              (11 damage)
             ... on level 5 of the Dungeon on Dec 14, 2023.
             The game lasted 00:14:20 (4356 turns).

zxpr0jk the Ducker (Vampire Gladiator)              Turns: 4356, Time: 00:14:20

Health: -8/56      AC:  4    Str: 16    XL:     7   Next: 52%
Magic:  7/7        EV: 15    Int: 16    God:    Cheibriados [*.....]
Gold:   193        SH:  0    Dex: 17    Spells: 6/6 levels left

rFire   + . .        a - +0 long sword
rCold   + . .        (no shield)
rNeg    . . .        b - +0 leather armour
rPois   .            c - +0 helmet
rElec   .            q - scarf {rC+ rF+}
rCorr   .            (no gloves)
SInv    +            (no boots)
Will    .....        (no amulet)
Stlth   +            (no ring)
HPRegen 0.49/turn    (no ring)
MPRegen 0.10/turn

%: no passive effects
@: mighty, attractive, healing quickly, very slow
A: alive, fangs 3, see invisible, vampiric 2, clever 1
a: Exsanguinate, Renounce Religion, Bend Time


You were on level 5 of the Dungeon.
You worshipped Cheibriados.
Cheibriados was aware of your devotion.
You visited 2 branches of the dungeon, and saw 7 of its levels.

You collected 296 gold pieces.
You spent 103 gold pieces at shops.

Inventory:

Hand Weapons
 a - a +0 long sword (weapon)
Missiles
 e - a javelin (quivered)
Armour
 b - a +0 leather armour (worn)
 c - a +0 helmet (worn)
 q - a scarf of resistance (worn)
 u - a +0 hat
 B - a +0 cloak
Jewellery
 A - a ring of ice
Scrolls
 d - a scroll of blinking {unknown}
 f - a scroll of fear {unknown}
 g - a scroll of teleportation {unknown}
 k - 4 scrolls of fog {unknown}
 o - a scroll of enchant armour {unknown}
 p - a scroll of amnesia {unknown}
 r - 2 scrolls of identify {unknown}
 w - a scroll of brand weapon {unknown}
 x - 2 scrolls of vulnerability {unknown}
 y - a scroll of immolation {unknown}
Potions
 j - a potion of heal wounds {unknown}
 l - 2 potions of lignification {unknown}
 m - 2 potions of enlightenment {unknown}
 n - 2 potions of invisibility {unknown}
 s - 3 potions of berserk rage {unknown}
 t - a potion of haste {unknown}
 v - a potion of attraction


   Skills:
 + Level 5.4 Fighting
 - Level 5.0 Long Blades
 - Level 2.0 Throwing
 - Level 6.0 Dodging


You had 6 spell levels left.
You didn't know any spells.
Your spell library contained the following spells:

 Spells                   Type           Power      Damage    Failure   Level
 Lesser Beckoning         Tloc           0%         N/A       43%         2
 Gell's Gravitas          Tloc           0%         N/A       67%         3
 Teleport Other           Tloc           0%         N/A       67%         3
 Tukima's Dance           Hex            0%         N/A       67%         3
 Dimensional Bullseye     Hex/Tloc       0%         N/A       97%         4
 Iskenderun's Mystic Bla  Conj/Tloc      0%         2d3       97%         4


Dungeon Overview and Level Annotations

Branches:
Dungeon (6/15)             Temple (1/1) D:4

Altars:
Ashenzari
Cheibriados
Dithmenos
Fedhas
Hepliaklqana
Kikubaaqudgha
Nemelex Xobeh
Okawaru
Qazlal
Ru
Sif Muna
Trog
Vehumet
Wu Jian
Xom
Yredelemnul

Shops:
D:1 [   D:2 (   D:4 **

Annotations:
D:2 1 runed translucent door, Crazy Yiuf


Innate Abilities, Weirdness & Mutations

Your natural rate of healing is accelerated.
You have razor-sharp teeth.
You have supernaturally acute eyesight. (SInv)
You are afflicted with vampirism and can become a bat while bloodless.
Your mind is acute. (Int +4, Str/Dex -1)


Message History

The orc hits you with a +0 hand axe.
* * * LOW HITPOINT WARNING * * *
You feel better. The orc warrior barely misses you. The orc closely misses you.
You hit the orc.
You kill the orc!
Cheibriados appreciates the change of pace.
The orc warrior closely misses you.
You feel better.
The orc warrior hits you with a +0 battleaxe.
* * * LOW HITPOINT WARNING * * *
You feel better. The orc warrior closely misses you.
You hit the orc warrior but do no damage.
The orc warrior barely misses you.
It was a potion of mutation.
You feel extremely strange.
You feel clever. The orc warrior misses you.
Okay, then.
Okay, then.
You hit the orc warrior but do no damage.
You bite the orc warrior, but do no damage.
The orc warrior barely misses you.
The orc warrior hits you with a +0 battleaxe!
* * * LOW HITPOINT WARNING * * *
It was a potion of might.
You feel very mighty all of a sudden. The orc warrior misses you.
It was a potion of attraction.
You feel attractive to monsters.
The orc warrior hits you with a +0 battleaxe!
* * * LOW HITPOINT WARNING * * *
You hit the orc warrior.
The orc warrior is lightly wounded.
The orc warrior misses you.
You slash the orc warrior!
The orc warrior is heavily wounded.
The orc warrior misses you.
You barely miss the orc warrior. Your punch misses the orc warrior.
The orc warrior is heavily wounded.
The orc warrior hits you with a +0 battleaxe!
You die...

#.# #...##.# ### #.####)... #.##
##.##...#####.# ##.# ##... ##.#
#.#####...##..###.## #...
#.####<## #.###.....#.## #...
#.......###.# ####....# ##.##
##.##........# ##....# #..#
....#...#...## ##.....## #.##
........###.# ##).#....#####.##
.......## #.####@o###.....##...##
.......####..##..## #............
.......##........####............
.##........................).....
.###.......#......####......##...
.# ##..####......## #.....####..
.# #..###[.#...## ##...## #.< .#
##..##.)###..## ###..## #.#
.###........####.####....# #.#


You could see an orc warrior.

Vanquished Creatures
  3 ogres (D:5)
  A centaur (D:5)
  A scorpion (D:4)
  A howler monkey (D:6)
  2 iguanas
  2 orc wizards (D:5)
  Terence (D:3)
  8 adders
  4 ufetubi (D:5)
  An adder zombie (D:2)
  10 orcs
  7 ball pythons
  5 bats
  A bat skeleton (D:2)
  5 endoplasms
  7 giant cockroaches
  9 goblins
  5 hobgoblins
  3 jackals (D:1)
  6 kobolds
  8 quokkas
  2 ball python skeletons (D:2)
  A frilled lizard (D:2)
  A giant cockroach zombie (D:2)
  2 quokka zombies (D:2)
  6 rats
102 creatures vanquished.

Notes
Turn   | Place    | Note
-------+----------+-------------------------------------------
     0 | D:1      | zxpr0jk the Vampire Gladiator began the quest for the Orb.
     0 | D:1      | Reached XP level 1. HP: 16/16 MP: 1/1
    44 | D:1      | Reached XP level 2. HP: 16/22 MP: 2/2
    63 | D:1      | Found Qarhan's Armour Emporium.
   200 | D:1      | Found a faded altar of an unknown god.
   257 | D:1      | Gained mutation: You are afflicted with vampirism and can
                  | become a bat while bloodless. [Vampire growth]
   257 | D:1      | Reached XP level 3. HP: 16/27 MP: 3/3
   689 | D:2      | Found a runed translucent door.
   690 | D:2      | Noticed Crazy Yiuf
   745 | D:2      | Found Xeuph's Weapon Shoppe.
   778 | D:2      | Reached skill level 4 in Dodging
   852 | D:2      | Reached XP level 4. HP: 31/34 MP: 4/4
  1613 | D:3      | Noticed Terence
  1627 | D:3      | Killed Terence
  1628 | D:3      | Reached XP level 5. HP: 33/39 MP: 5/5
  2062 | D:4      | Found Lyvofid's Fire Supplies.
  2092 | D:4      | Upgraded the game from 0.31-a0-1074-g0b22e4e0f1 to
                  | 0.31-a0-1206-g41278d8d1d
  2142 | D:4      | Found Hufet's Assorted Antiques.
  2149 | D:4      | Bought a cloak for 103 gold pieces
  2205 | D:4      | Found a staircase to the Ecumenical Temple.
  2217 | Temple   | Entered the Ecumenical Temple
  2234 | Temple   | Became a worshipper of Cheibriados the Contemplative
  2272 | D:4      | Reached skill level 5 in Dodging
  2354 | D:4      | Found a bloodstained altar of Trog.
  2662 | D:4      | Noticed an angel
  2857 | D:5      | Entered Level 5 of the Dungeon
  2871 | D:5      | Noticed an ogre
  2872 | D:5      | Reached XP level 6. HP: 33/47 MP: 6/6
  2883 | D:5      | Reached skill level 5 in Long Blades
  2938 | D:5      | Reached skill level 6 in Dodging
  3015 | D:5      | Reached * piety under Cheibriados
  3202 | D:5      | Reached XP level 7. HP: 32/54 MP: 7/7
  3666 | D:5      | Reached skill level 5 in Fighting
  4350 | D:5      | Gained mutation: Your mind is acute. (Int +4, Str/Dex -1)
                  | [potion of mutation]
  4353 | D:5      | HP: 2/56 [orc warrior/+0 battleaxe (10)]
  4356 | D:5      | Mangled by an orc warrior

Illustrated notes

Levels and vault maps discovered:
D:1:      denvon_arrival_planthouse, layout_basic, serial_shops,
          nicolae_shop_scrapyard, dreamdust_ecumenical_altar_angels_and_demons
D:2:      layout_rooms, serial_undead, serial_undead_b, serial_undead_c,
          serial_undead_b, serial_undead_f, serial_undead_f, serial_undead_e,
          serial_undead_a, serial_shops, nicolae_shop_trees,
          uniq_crazy_yiuf_cottage
D:3:      layout_loops_ring, uniq_terence
D:4:      layout_basic, zin_angel, mainiacjoe_overflow_brackets,
          minmay_temple_entry_hall, serial_shops, shop, minmay_fountain_box,
          nicolae_shop_fire_sale [nicolae_sub_dead_trees]
D:5:      layout_layer_cave
D:6:      layout_layer_cave, gammafunk_ghost_abyssal_escape, uniq_eustachio
Temple:   nicolae_temple_bog_church

Skill      XL: |  1  2  3  4  5  6  7 |
---------------+----------------------+-----
Fighting       | 2 3 4 5 |  5.4
Throwing       | 2 |  2.0
Dodging        | 4 5 6 |  6.0
Long Blades    | 4 5 |  5.0

Action                     |  1- 3 |  4- 6 |  7- 9 || total
---------------------------+-------+-------+-------++-------
  Melee: Long sword        |    96 |   178 |    46 ||   320
         Bite              |    12 |    20 |     6 ||    38
         Punch             |     1 |     2 |       ||     3
  Throw: Stone             |     5 |    31 |       ||    36
         Throwing net      |       |     4 |       ||     4
         Javelin           |       |     2 |     6 ||     8
    Use: Potion            |       |     1 |     6 ||     7
   Stab: Held in net/web   |       |     2 |       ||     2
         Distracted        |       |     1 |     1 ||     2
         Sleeping          |       |     1 |       ||     1
 Armour: Leather armour    |    49 |   110 |    24 ||   183
  Dodge: Dodged            |    61 |   162 |    38 ||   261

Table legend: (Time is in decaauts)
 A = Elapsed time spent in this place.
 B = Non-inter-level travel time spent in this place.
 C = Inter-level travel time spent in this place.
 D = Time resting spent in this place.
 E = Time spent auto-exploring this place.
 F = Levels seen in this place.
 G = Mean time per level.
                   A        B        C        D        E       F      G
               +--------+--------+--------+--------+--------+-----+--------+
         Total |   5027 |   4773 |    254 |     92 |   3817 |   7 |  718.1 |
       Dungeon |   4987 |   4766 |    221 |     92 |   3817 |   6 |  831.2 |
        Temple |     39 |      6 |     33 |      0 |      0 |   1 |   39.0 |
               +--------+--------+--------+--------+--------+-----+--------+

Top non-repeatable levels by time:
     D:5: 1956 daAuts
     D:4: 986 daAuts
     D:3: 783 daAuts
     D:1: 665 daAuts
     D:2: 572 daAuts
  Temple: 39 daAuts
     D:6: 24 daAuts
